[ AOE2 MATCH · #506624354 ]
UnrankedCumans vs Bohemians
Player's team · LOSS
[ REPLAY ANALYSIS · EXTRACTED FROM THE RECORDED GAME ]
Feudal
9:25
Castle
23:23
Imperial
—
| APM avg | 68.7 |
| APM peak | 116 |
| eAPM avg | 27.4 |
| Villagers / military | 107 / 114 |
Focus
⚔️ 32.6% · 🌾 67.4%
Cavalry Archer ×40 · Skirmisher ×25 · Knight ×19 · Archer ×12 · Mangonel ×5 · Petard ×3
Feudal
8:50
Castle
22:08
Imperial
40:08
| APM avg | 56.2 |
| APM peak | 92 |
| eAPM avg | 27.5 |
| Villagers / military | 125 / 107 |
Focus
⚔️ 36.6% · 🌾 63.4%
Archer ×72 · Skirmisher ×20 · Mangonel ×7 · Scout Cavalry ×3 · Monk ×2 · Trebuchet (Packed) ×2
Match map
Initial resources + every placement click. Lines = walls · curves = elevation contours. ◆ gold · ⬟ stone · ● berries · ✦ relic · ◌ wall gap
Your base· Open — opponent sealed themselves in
★ DrumM ❿'s base· ✓ Closed at 22:08 · 49t walls · no gate
Smoothed initial terrain · ◌ = detected wall gap · hover for details
Inputs per minute
— uel - - ★ DrumM ❿
Build order — uel
First 150 of 360 actions detected
| 0:00 | Queue | Villager (Male) |
| 0:01 | Queue | Villager (Male) |
| 0:01 | Queue | Villager (Male) |
| 0:02 | Build | House |
| 0:03 | Build | House |
| 0:14 | Queue | Villager (Male) |
| 1:32 | Queue | Villager (Male) |
| 1:58 | Build | Lumber Camp |
| 1:59 | Queue | Villager (Male) |
| 2:21 | Queue | Villager (Male) |
| 2:53 | Queue | Villager (Male) |
| 3:01 | Queue | Villager (Male) |
| 3:37 | Queue | Villager (Male) |
| 3:50 | Build | House |
| 3:50 | Build | House |
| 4:05 | Queue | Villager (Male) |
| 4:14 | Build | Mill |
| 4:25 | Queue | Villager (Male) |
| 4:40 | Queue | Villager (Male) |
| 5:01 | Queue | Villager (Male) |
| 5:12 | Queue | Villager (Male) |
| 5:58 | Queue | Villager (Male) |
| 5:59 | Research | Loom |
| 6:18 | Build | Barracks |
| 7:07 | Build | Mining Camp |
| 7:15 | Research | Feudal Age |
| 7:15 | Research | Feudal Age |
| 7:33 | Queue | Militia |
| 7:50 | Build | House |
| 7:53 | Queue | Militia |
| 8:17 | Queue | Militia |
| 9:05 | Queue | Villager (Male) |
| 9:25 | Age | Feudal Age |
| 9:31 | Queue | Villager (Male) |
| 9:33 | Build | Archery Range |
| 9:42 | Research | Man-at-Arms (upgrade) |
| 9:50 | Queue | Villager (Male) |
| 10:23 | Queue | Villager (Male) |
| 10:26 | Queue | Skirmisher |
| 10:35 | Build | Blacksmith |
| 10:42 | Queue | Skirmisher |
| 10:55 | Queue | Villager (Male) |
| 10:57 | Build | House |
| 10:57 | Build | House |
| 11:06 | Queue | Archer |
| 11:24 | Queue | Skirmisher |
| 11:41 | Research | Fletching |
| 11:41 | Research | Fletching |
| 11:43 | Queue | Archer |
| 11:43 | Queue | Skirmisher |
| 12:03 | Build | Farm |
| 12:03 | Build | Farm |
| 12:03 | Build | Farm |
| 12:12 | Queue | Villager (Male) |
| 12:13 | Queue | Archer |
| 12:39 | Queue | Villager (Male) |
| 12:41 | Build | House |
| 12:42 | Build | Farm |
| 12:49 | Queue | Archer |
| 12:52 | Queue | Villager (Male) |
| 13:01 | Research | Double-Bit Axe |
| 13:01 | Research | Double-Bit Axe |
| 13:20 | Queue | Archer |
| 13:34 | Build | Farm |
| 13:35 | Queue | Villager (Male) |
| 13:41 | Queue | Villager (Male) |
| 13:49 | Queue | Archer |
| 14:26 | Queue | Spearman |
| 14:26 | Queue | Archer |
| 14:29 | Queue | Villager (Male) |
| 14:31 | Build | Farm |
| 14:52 | Build | Mill |
| 15:17 | Queue | Villager (Male) |
| 15:18 | Build | Farm |
| 15:18 | Build | Farm |
| 15:19 | Build | Farm |
| 15:19 | Build | Farm |
| 15:25 | Queue | Archer |
| 15:26 | Queue | Villager (Male) |
| 15:44 | Queue | Villager (Male) |
| 15:55 | Queue | Villager (Male) |
| 15:57 | Build | Palisade Wall |
| 15:58 | Build | Palisade Wall |
| 16:09 | Queue | Villager (Male) |
| 16:11 | Build | Palisade Wall |
| 16:14 | Queue | Villager (Male) |
| 16:15 | Build | House |
| 16:23 | Queue | Spearman |
| 16:35 | Queue | Villager (Male) |
| 16:37 | Build | Palisade Wall |
| 16:48 | Queue | Skirmisher |
| 16:48 | Queue | Skirmisher |
| 16:58 | Build | Palisade Wall |
| 16:59 | Build | Palisade Wall |
| 17:39 | Build | Lumber Camp |
| 17:40 | Queue | Villager (Male) |
| 17:46 | Queue | Skirmisher |
| 17:50 | Research | Padded Archer Armor |
| 17:53 | Build | House |
| 18:00 | Queue | Skirmisher |
| 18:13 | Build | Farm |
| 18:14 | Research | Horse Collar |
| 18:17 | Build | Farm |
| 18:18 | Queue | Villager (Male) |
| 18:27 | Build | Palisade Wall |
| 18:40 | Build | House |
| 18:41 | Build | House |
| 18:49 | Queue | Villager (Male) |
| 18:51 | Build | Farm |
| 18:58 | Queue | Archer |
| 19:06 | Queue | Villager (Male) |
| 19:07 | Build | Palisade Wall |
| 19:13 | Build | House |
| 19:18 | Queue | Archer |
| 19:34 | Build | Farm |
| 19:57 | Build | Farm |
| 19:59 | Queue | Archer |
| 20:05 | Build | Farm |
| 20:07 | Queue | Villager (Male) |
| 20:20 | Build | Palisade Wall |
| 20:25 | Queue | Archer |
| 20:43 | Research | Castle Age |
| 21:02 | Build | Town Center |
| 21:15 | Queue | Skirmisher |
| 21:29 | Queue | Skirmisher |
| 21:53 | Queue | Skirmisher |
| 22:35 | Queue | Skirmisher |
| 22:47 | Queue | Villager (Male) |
| 22:48 | Queue | Villager (Male) |
| 22:49 | Queue | Villager (Male) |
| 22:54 | Queue | Skirmisher |
| 22:56 | Build | Farm |
| 23:06 | Queue | Villager (Male) |
| 23:15 | Build | Market |
| 23:23 | Age | Castle Age |
| 23:25 | Research | Elite Skirmisher (upgrade) |
| 23:26 | Research | Bodkin Arrow |
| 23:38 | Queue | Villager (Male) |
| 23:48 | Build | Siege Workshop |
| 23:51 | Queue | Villager (Male) |
| 23:59 | Research | Bow Saw |
| 24:15 | Queue | Skirmisher |
| 24:21 | Queue | Villager (Male) |
| 24:33 | Build | Market |
| 24:34 | Queue | Villager (Male) |
| 24:40 | Queue | Villager (Male) |
| 24:49 | Queue | Skirmisher |
| 24:55 | Queue | Scorpion |
| 25:11 | Queue | Villager (Male) |
| 25:11 | Queue | Villager (Male) |
Build order — ★ DrumM ❿
First 150 of 400 actions detected
| 0:00 | Queue | Villager (Male) |
| 0:02 | Build | House |
| 0:02 | Build | House |
| 0:15 | Queue | Villager (Male) |
| 0:15 | Queue | Villager (Male) |
| 0:16 | Queue | Villager (Male) |
| 1:24 | Queue | Villager (Male) |
| 1:52 | Queue | Villager (Male) |
| 1:55 | Build | Lumber Camp |
| 2:03 | Queue | Villager (Male) |
| 2:39 | Queue | Villager (Male) |
| 3:07 | Queue | Villager (Male) |
| 3:19 | Build | House |
| 3:24 | Queue | Villager (Male) |
| 3:42 | Queue | Villager (Male) |
| 3:59 | Queue | Villager (Male) |
| 4:41 | Queue | Villager (Male) |
| 5:04 | Queue | Villager (Male) |
| 5:16 | Queue | Villager (Male) |
| 5:25 | Research | Loom |
| 5:34 | Build | Mill |
| 6:40 | Research | Feudal Age |
| 7:25 | Build | Mining Camp |
| 7:59 | Build | Barracks |
| 8:01 | Build | House |
| 8:08 | Queue | Villager (Male) |
| 8:24 | Build | Palisade Wall |
| 8:32 | Queue | Villager (Male) |
| 8:50 | Age | Feudal Age |
| 8:53 | Build | Archery Range |
| 8:58 | Build | House |
| 9:12 | Build | Palisade Wall |
| 9:15 | Build | House |
| 9:24 | Build | Palisade Wall |
| 9:33 | Queue | Villager (Male) |
| 9:37 | Queue | Archer |
| 9:51 | Queue | Archer |
| 10:03 | Build | Palisade Wall |
| 10:08 | Build | Palisade Wall |
| 10:21 | Queue | Villager (Male) |
| 10:27 | Queue | Villager (Male) |
| 10:38 | Build | House |
| 10:41 | Queue | Villager (Male) |
| 10:56 | Build | Mill |
| 11:04 | Queue | Villager (Male) |
| 11:07 | Queue | Archer |
| 11:09 | Queue | Villager (Male) |
| 11:17 | Queue | Archer |
| 11:46 | Queue | Villager (Male) |
| 11:48 | Build | Blacksmith |
| 11:51 | Build | Stable |
| 11:56 | Queue | Archer |
| 12:06 | Queue | Villager (Male) |
| 12:08 | Build | Farm |
| 12:10 | Build | Farm |
| 12:14 | Research | Double-Bit Axe |
| 12:31 | Queue | Scout Cavalry |
| 12:38 | Queue | Villager (Male) |
| 12:40 | Build | House |
| 12:44 | Queue | Archer |
| 12:48 | Queue | Villager (Male) |
| 12:52 | Build | Farm |
| 12:54 | Queue | Villager (Male) |
| 13:08 | Queue | Scout Cavalry |
| 13:21 | Queue | Villager (Male) |
| 13:24 | Build | House |
| 13:26 | Queue | Archer |
| 13:32 | Queue | Scout Cavalry |
| 13:35 | Build | Farm |
| 13:44 | Build | Farm |
| 13:52 | Queue | Archer |
| 14:32 | Queue | Villager (Male) |
| 14:32 | Queue | Villager (Male) |
| 14:41 | Build | Farm |
| 14:56 | Queue | Villager (Male) |
| 15:00 | Build | House |
| 15:01 | Build | Palisade Wall |
| 15:17 | Queue | Skirmisher |
| 15:17 | Queue | Skirmisher |
| 15:18 | Queue | Villager (Male) |
| 15:29 | Build | Blacksmith |
| 15:37 | Queue | Skirmisher |
| 15:45 | Build | Farm |
| 15:48 | Build | Farm |
| 15:51 | Build | Farm |
| 15:53 | Build | Farm |
| 15:55 | Build | Farm |
| 15:55 | Queue | Villager (Male) |
| 16:00 | Queue | Skirmisher |
| 16:17 | Build | Farm |
| 16:29 | Research | Fletching |
| 16:30 | Research | Fletching |
| 16:36 | Build | Farm |
| 16:38 | Build | Farm |
| 16:49 | Queue | Skirmisher |
| 17:06 | Queue | Villager (Male) |
| 17:07 | Queue | Skirmisher |
| 17:08 | Build | Farm |
| 17:23 | Build | Palisade Wall |
| 17:34 | Queue | Villager (Male) |
| 17:38 | Queue | Archer |
| 17:38 | Queue | Archer |
| 17:40 | Queue | Villager (Male) |
| 17:43 | Build | Farm |
| 17:51 | Build | Farm |
| 17:52 | Build | Farm |
| 18:05 | Build | Lumber Camp |
| 18:24 | Queue | Villager (Male) |
| 18:39 | Build | House |
| 18:42 | Build | Palisade Wall |
| 18:46 | Build | Archery Range |
| 18:50 | Queue | Villager (Male) |
| 19:03 | Build | Palisade Wall |
| 19:04 | Build | Palisade Wall |
| 19:06 | Build | Palisade Wall |
| 19:28 | Research | Castle Age |
| 19:28 | Research | Castle Age |
| 19:38 | Build | Palisade Wall |
| 19:40 | Build | Palisade Wall |
| 19:50 | Research | Padded Archer Armor |
| 19:50 | Research | Padded Archer Armor |
| 19:53 | Research | Horse Collar |
| 19:53 | Research | Horse Collar |
| 19:55 | Queue | Archer |
| 20:27 | Queue | Archer |
| 20:28 | Queue | Archer |
| 20:41 | Queue | Archer |
| 20:45 | Build | House |
| 20:47 | Build | Palisade Wall |
| 20:48 | Build | Palisade Wall |
| 20:53 | Queue | Archer |
| 21:15 | Build | House |
| 21:17 | Build | House |
| 21:33 | Queue | Archer |
| 21:33 | Queue | Archer |
| 21:43 | Queue | Archer |
| 21:47 | Build | Lumber Camp |
| 21:57 | Build | House |
| 22:08 | Age | Castle Age |
| 22:12 | Research | Crossbowman (upgrade) |
| 22:17 | Research | Bodkin Arrow |
| 22:17 | Research | Bow Saw |
| 22:18 | Research | Bow Saw |
| 22:18 | Queue | Villager (Male) |
| 22:25 | Queue | Archer |
| 22:41 | Build | Farm |
| 22:41 | Queue | Villager (Male) |
| 22:52 | Queue | Villager (Male) |
| 22:53 | Queue | Archer |
| 22:53 | Queue | Archer |
Match timeline
| 6:18 | uel · first_building Barracks |
| 7:59 | ★ DrumM ❿ · first_building Barracks |
| 8:24 | ★ DrumM ❿ · wall_segment Palisade Wall x1 |
| 8:50 | ★ DrumM ❿ · age_up feudal |
| 8:53 | ★ DrumM ❿ · first_building Archery Range |
| 9:12 | ★ DrumM ❿ · wall_segment Palisade Wall x1 |
| 9:24 | ★ DrumM ❿ · wall_segment Palisade Wall x1 |
| 9:25 | uel · age_up feudal |
| 9:33 | uel · first_building Archery Range |
| 10:03 | ★ DrumM ❿ · wall_segment Palisade Wall x3 |
| 10:08 | ★ DrumM ❿ · wall_segment Palisade Wall x1 |
| 11:51 | ★ DrumM ❿ · first_building Stable |
| 15:01 | ★ DrumM ❿ · wall_segment Palisade Wall x6 |
| 15:57 | uel · wall_segment Palisade Wall x13 |
| 15:58 | uel · wall_segment Palisade Wall x5 |
| 16:11 | uel · wall_segment Palisade Wall x7 |
| 16:37 | uel · wall_segment Palisade Wall x15 |
| 16:58 | uel · wall_segment Palisade Wall x1 |
| 16:59 | uel · wall_segment Palisade Wall x1 |
| 17:23 | ★ DrumM ❿ · wall_segment Palisade Wall x1 |
| 18:27 | uel · wall_segment Palisade Wall x2 |
| 18:42 | ★ DrumM ❿ · wall_segment Palisade Wall x1 |
| 19:03 | ★ DrumM ❿ · wall_segment Palisade Wall x7 |
| 19:04 | ★ DrumM ❿ · wall_segment Palisade Wall x3 |
| 19:06 | ★ DrumM ❿ · wall_segment Palisade Wall x2 |
| 19:07 | uel · wall_segment Palisade Wall x1 |
| 19:38 | ★ DrumM ❿ · wall_segment Palisade Wall x1 |
| 19:40 | ★ DrumM ❿ · wall_segment Palisade Wall x15 |
| 20:20 | uel · wall_segment Palisade Wall x1 |
| 20:47 | ★ DrumM ❿ · wall_segment Palisade Wall x3 |
| 20:48 | ★ DrumM ❿ · wall_segment Palisade Wall x4 |
| 22:08 | ★ DrumM ❿ · age_up castle |
| 23:23 | uel · age_up castle |
| 23:48 | uel · first_building Siege Workshop |
| 25:01 | ★ DrumM ❿ · first_building Siege Workshop |
| 26:58 | ★ DrumM ❿ · first_building Monastery |
| 31:36 | uel · first_market_sell 100 wood |
| 32:21 | uel · first_building Stable |
| 36:26 | uel · first_market_buy 100 food |
| 39:05 | uel · first_building Castle |
| 40:08 | ★ DrumM ❿ · age_up imperial |
| 40:15 | ★ DrumM ❿ · first_market_sell 500 food |
| 40:16 | ★ DrumM ❿ · first_market_buy 100 stone |
| 40:22 | ★ DrumM ❿ · first_building Castle |
| 42:57 | uel · resign |
[ AI ANALYSIS · 1 CREDIT ]
What really happened in this match?
Wolo.gg analyzes every decision: build order, eco, micro, common mistakes by bracket. Personalized analysis on WhatsApp or Discord in 30 seconds.
Civ guide
Cumans
Perfil
uel